 Dungeon Crawl Stone Soup version 0.31-a0-246-g8cbcc1cb85 (webtiles) character file.

Game seed: 2977685375986143114

599 qw the Shooter (level 7, -11/49 (60) HPs)
             Began as a Minotaur Hexslinger on July 12, 2023.
             Was an Initiate of Okawaru.
             Mangled by a wight
             ... wielding a +3 scimitar
              (14 damage)
             ... on level 4 of the Dungeon.
             The game lasted 00:01:34 (3409 turns).

qw the Shooter (Minotaur Hexslinger)                Turns: 3409, Time: 00:01:35

HP:   -11/49 (60)   AC:  6    Str: 12    XL:     7   Next: 17%
MP:   7/7           EV: 11    Int: 10    God:    Okawaru [......]
Gold: 118           SH:  5    Dex: 15    Spells: 7/8 levels left

rFire   . . .        Y - +1 sling
rCold   + . .        (no shield)
rNeg    . . .        l - +0 ring mail
rPois   .            (helmet restricted)
rElec   .            (no cloak)
rCorr   .            (no gloves)
SInv    .            h - +0 pair of boots
Will    .....        k - amulet of reflection
Stlth   +            i - ring of protection from cold
HPRegen 0.28/turn    (no ring)
MPRegen 0.10/turn

%: reflection
@: about to teleport, heavily drained
A: horns 2, retaliatory headbutt
a: Renounce Religion


You were on level 4 of the Dungeon.
You worshipped Okawaru.
Okawaru was noncommittal.
You visited 2 branches of the dungeon, and saw 5 of its levels.

You collected 118 gold pieces.


Innate Abilities, Weirdness & Mutations

You have a pair of horns on your head.
You reflexively headbutt those who attack you in melee.


   Skills:
 - Level 4.7 Fighting
 + Level 7.5 Ranged Weapons
 - Level 1.0 Armour
 - Level 2.1 Dodging
 - Level 1.0 Spellcasting
 - Level 2.0 Hexes


You had 7 spell levels left.
You knew the following spells:

 Your Spells              Type           Power      Damage    Failure   Level
a - Slow                  Hex            16%        N/A       34%         1

Your spell library contained the following spells:

 Spells                   Type           Power      Damage    Failure   Level
 Inner Flame              Hex/Fire       2%         N/A       83%         3
 Portal Projectile        Hex/Tloc       4%         N/A       83%         3
 Cause Fear               Hex            2%         N/A       98%         4

Inventory:

Hand Weapons
 Y - a +1 sling (weapon)
Armour
 h - a +0 pair of boots (worn)
 l - a +0 ring mail (worn)
Jewellery
 f - a ring of ice
 i - a ring of protection from cold (left hand)
 k - an amulet of reflection (around neck)
Scrolls
 c - a scroll of teleportation
Potions
 b - a potion of lignification {unknown}
 d - a potion of attraction {unknown}
 e - a potion of mutation {unknown}
 g - a potion of curing {unknown}
 j - a potion of degeneration {unknown}

Dungeon Overview and Level Annotations

Branches:
Dungeon (4/15)             Temple (1/1) D:4

Altars:
Dithmenos
Hepliaklqana
Makhleb
Okawaru
Qazlal
Sif Muna
Vehumet
Wu Jian
Yredelemnul
Zin


Message History

Items here: %% ( [.
A ball python comes into view.
You shoot a sling bullet.
The sling bullet barely misses the ball python.
You shoot a sling bullet. The sling bullet hits the ball python.
The ball python is heavily wounded.
You shoot a sling bullet. The sling bullet hits the ball python.
You kill the ball python!
Okawaru accepts your kill.
You now have 107 gold pieces (gained 8).
You see here a +0 robe.
You now have 118 gold pieces (gained 11).
Enter note:
Enter note:
Enter note: You shoot a sling bullet.
The sling bullet hits the wight.
The wight is almost destroyed.
You block the wight's attack.
You shoot a sling bullet. The sling bullet hits the wight.
The wight is almost destroyed.
The wight hits you with a +0 great sword.
You shoot a sling bullet. The sling bullet hits the wight.
You destroy the wight!
Okawaru accepts your kill. The wight hits you with a +3 scimitar.
You feel drained.
You shoot a sling bullet. The sling bullet hits the wight.
The wight is lightly damaged.
The wight hits you with a +3 scimitar!
You feel drained. The wight hits you with a +0 scimitar!
You feel drained. The wight hits you with a +3 scimitar!
You shoot a sling bullet.
The sling bullet hits the wight but does no damage.
The wight is lightly damaged.
The wight hits you with a +3 scimitar!
You feel drained. You block the wight's attack. x2
3409 ||| READING 2 scrolls of teleportation.
As you read the scroll of teleportation, it crumbles to dust.
You feel strangely unstable. The wight hits you with a +3 scimitar!
You die...

.####### ........ .. .###.
...>>......###.....#
..........#...#...#.
.####..............
.......... ......#
#)###..####.##....
#.)............zz#########.
)....######....z@..........
#..#..# ...####...........#
..###...# ####......[....#
.## .)#.. #......[.......#
. ...# #.###.%........# #
..#.. # #.%........# ####.#
## #..........# #....#
...##..........# #.##
#######......[####.#


You could see 3 wights.

Vanquished Creatures
  Grinder (D:3)
  A black bear (D:4)
  A wight (D:4)
  A howler monkey (D:4)
  An iguana (D:4)
  Robin (D:4)
  6 adders
  A worm (D:2)
  4 dart slugs
  6 orcs
  12 ball pythons
  9 endoplasms
  3 giant cockroaches
  15 goblins
  11 hobgoblins
  2 jackals (D:1)
  7 quokkas
  10 bats
  4 frilled lizards
  6 kobolds
  25 rats
127 creatures vanquished.

Notes
Turn   | Place    | Note
-------+----------+-------------------------------------------
     0 | D:1      | qw the Minotaur Hexslinger began the quest for the Orb.
     0 | D:1      | Reached XP level 1. HP: 16/16 MP: 1/1
     0 | D:1      | 0 ||| qw: Version: 0.3-a-52-g30416fa
     0 | D:1      | 0 ||| qw: Game counter: 6301
     0 | D:1      | 0 ||| qw: Melee chars always use a shield: true
     0 | D:1      | 0 ||| qw: God list: Okawaru
     0 | D:1      | 0 ||| qw: Allow faded altars: false
     0 | D:1      | 0 ||| qw: Do Orc after clearing Dungeon:15 true
     0 | D:1      | 0 ||| qw: Do second Lair branch before Depths: true
     0 | D:1      | 0 ||| qw: Lair rune preference: random
     0 | D:1      | 0 ||| qw: Goals: Normal
     0 | D:1      | 0 ||| PLANNING D:1-11
    55 | D:1      | 55 ||| FLEEEEING.
    58 | D:1      | 58 ||| FLEEEEING.
   116 | D:1      | Reached skill level 3 in Ranged Weapons
   117 | D:1      | Reached XP level 2. HP: 23/23 MP: 2/2
   677 | D:1      | Reached XP level 3. HP: 29/29 MP: 3/3
   698 | D:1      | 698 ||| UPGRADING to +0 pair of boots.
   703 | D:1      | 703 ||| UPGRADING to ring of protection from cold.
   704 | D:1      | 704 ||| READING scroll labelled BUIQEPPUPON.
   708 | D:1      | 708 ||| DROPPING scroll of poison.
   804 | D:2      | Reached skill level 4 in Ranged Weapons
  1192 | D:2      | Reached XP level 4. HP: 34/36 MP: 4/4
  1803 | D:2      | 1803 ||| UPGRADING to +0 leather armour.
  1813 | D:2      | 1813 ||| DROPPING +0 robe.
  1814 | D:2      | 1814 ||| READING scroll labelled EGREZURO HONUA.
  1815 | D:2      | 1815 ||| READING scroll labelled VOHIFEJAKI.
  1874 | D:3      | Reached skill level 5 in Ranged Weapons
  2074 | D:3      | Reached skill level 3 in Fighting
  2200 | D:3      | Reached XP level 5. HP: 45/45 MP: 5/5
  2230 | D:3      | Noticed Grinder
  2232 | D:3      | Paralysed by Grinder for 3 turns
  2239 | D:3      | 2239 ||| FLEEEEING.
  2243 | D:3      | 2243 ||| FLEEEEING.
  2272 | D:3      | HP: 10/45 [Grinder/nerve-wracking pain (4)]
  2273 | D:3      | 2273 ||| READING 3 scrolls of teleportation.
  2276 | D:3      | HP: 2/45 [Grinder (4)]
  2430 | D:3      | Paralysed by Grinder for 3 turns
  2433 | D:3      | 2433 ||| Stepping ~*~*~tactically~*~*~ (outnumbered).
  2435 | D:3      | Killed Grinder
  2436 | D:3      | Reached skill level 6 in Ranged Weapons
  2436 | D:3      | Reached XP level 6. HP: 39/51 MP: 6/6
  2619 | D:3      | You fall into a shaft and drop 1 floor!
  2623 | D:4      | Noticed Robin
  2624 | D:4      | 2624 ||| Stepping ~*~*~tactically~*~*~ (outnumbered).
  2633 | D:4      | Killed Robin
  2634 | D:4      | Reached skill level 1 in Armour
  2668 | D:4      | 2668 ||| UPGRADING to amulet of reflection.
  2673 | D:4      | 2673 ||| READING scroll labelled KYL UPUCAQU.
  2674 | D:4      | 2674 ||| READING scroll labelled BOLIORPH PEEJI.
  2675 | D:4      | 2675 ||| DRINKING 2 smoky coppery potions.
  2804 | D:3      | Found a burning altar of Makhleb.
  2936 | D:3      | 2936 ||| READING scroll labelled QOQORGH ZOUNY.
  2955 | D:4      | Found a staircase to the Ecumenical Temple.
  2957 | D:4      | 2957 ||| PLANNING TEMPLE
  2957 | D:4      | 2957 ||| UPGRADING to +0 ring mail.
  2967 | D:4      | 2967 ||| DROPPING +0 leather armour.
  2976 | Temple   | Entered the Ecumenical Temple
  2978 | Temple   | 2978 ||| PLANNING OKAWARU WORSHIP
  3011 | Temple   | Became a worshipper of Warmaster Okawaru
  3012 | Temple   | 3012 ||| PLANNING D:1-11
  3090 | D:4      | 3090 ||| FLEEEEING.
  3091 | D:4      | 3091 ||| FLEEEEING.
  3092 | D:4      | 3092 ||| FLEEEEING.
  3093 | D:4      | 3093 ||| FLEEEEING.
  3094 | D:4      | 3094 ||| STAIRDANCE
  3194 | D:4      | Reached skill level 7 in Ranged Weapons
  3196 | D:4      | Reached XP level 7. HP: 21/60 MP: 7/7
  3205 | D:4      | HP: 11/60 [wight/+0 great sword (13)]
  3206 | D:4      | 3206 ||| READING 3 scrolls of teleportation.
  3207 | D:4      | 3207 ||| DRINKING potion of heal wounds.
  3208 | D:4      | HP: 5/54 [wight/+0 great sword (3)]
  3408 | D:4      | HP: 5/51 [wight/+3 scimitar (11)]
  3408 | D:4      | HP: 2/49 [wight/+3 scimitar (3)]
  3409 | D:4      | 3409 ||| READING 2 scrolls of teleportation.
  3409 | D:4      | Mangled by a wight

Levels and vault maps discovered:
D:1:      nicolae_arrival_memento_mori, layout_basic
D:2:      layout_basic, minmay_fountain_box, minmay_crystal_water,
          minmay_rat_hole, uniq_crazy_yiuf_cottage
D:3:      layout_basic, marbit_many_paths, grunt_ministairs_11, uniq_grinder
D:4:      layout_rooms, trog_hazing_becter, minmay_temple_entry_antechambers,
          minmay_fractal_squares_diagonal_5, uniq_robin
Temple:   nicolae_temple_ecumenical_triangle

Skill      XL: |  1  2  3  4  5  6 |
---------------+-------------------+-----
Ranged Weapons | 3 4 5 6 7 |  7.5
Fighting       | 2 3 4 |  4.7
Armour         | 1 |  1.0
Dodging        | |  2.1
Spellcasting   | |  1.0
Hexes          | |  2.0

Action                     |  1- 3 |  4- 6 |  7- 9 || total
---------------------------+-------+-------+-------++-------
   Fire: Sling             |   117 |   229 |    37 ||   383
    Use: Scroll            |     1 |     6 |     2 ||     9
         Potion            |       |     1 |     1 ||     2
 Armour: Robe              |     7 |     6 |       ||    13
         Leather armour    |       |    16 |       ||    16
         Ring mail         |       |    19 |     6 ||    25
  Dodge: Dodged            |    36 |    92 |     8 ||   136
  Block: Other             |       |    17 |     9 ||    26

Table legend:
 A = Non-vault XP
 B = Vault XP
 C = Vault XP percentage of total XP
 D = Non-vault monster count
 E = Vault monster count
 F = Vault count percentage of total count
                 A         B        C        D         E       F
            +---------+---------+-------+---------+---------+-------
      Total |     426 |     430 |  50.2 |      80 |      47 |  37.0
            +---------+---------+-------+---------+---------+-------
        D:1 |      42 |       0 |   0.0 |      23 |       0 |   0.0
        D:2 |      71 |      20 |  22.0 |      19 |      19 |  50.0
        D:3 |      88 |     265 |  75.1 |      27 |       4 |  12.9
        D:4 |     225 |     145 |  39.2 |      11 |      24 |  68.6
            +---------+---------+-------+---------+---------+-------
